cohdb
Replays
Latest Replays
All Replays
Popular Replays
Top Player Replays
Match Explorer
How It Works
Community
CoH3 Stats
Reddit
Sign in to upload your games and track your stats! →
Sign in with Steam
Match 40056348
Unlisted
Match 40056348
Overview
Messages
Build Orders
End
Construct Barracks
Selects Special Operations Battlegroup
Selects M29 Weasel Recon Vehicle
M29 Weasel Recon Vehicle
Riflemen Squad
Riflemen Squad
Grenade Package
Riflemen Squad
Selects Raiding Flares
Construct Weapon Support Center
Infantry Support Center
M1919 Machine Gun Team
M1918 Browning Automatic Rifles
Selects SSF Commando Squad
Advanced Logistics
SSF Commando Squad
Improved M9 Bazooka Rockets
SSF Commando Squad
Selects Air Re-supply Operation
Construct Medical Station
Air Re-Supply Operation
Construct Tank Depot
M18 Hellcat Tank Destroyer
Engineer Squad
Selects P-47 Anti-Infantry Loiter
Selects UNKNOWN (2162291)
M4A1 Sherman Whizbang
P-47 Anti-Infantry Loiter
Tomlin
Plebington
deadsadbadmad
Alessandro-9891
0
0
Comments
sign in to comment!
No comments posted yet!